[Event "ICC tourney 2957 (40 10)"]
[Site "Internet Chess Club"]
[Date "2022.07.09"]
[Round "3"]
[White "WANG, TED:tedwpnw"]
[Black "Volkov, Sergey:Volkov"]
[Result "1/2-1/2"]
[ICCResult "Game drawn by mutual agreement"]
[WhiteElo "1824"]
[BlackElo "2560"]
[Opening "French defense, Steiner variation"]
[ECO "C00"]
[NIC "FR.01"]
[Time "15:30:05"]
[PlyCount "200"]
[TimeControl "2400+10"]

1. e4 e6 2. c4 d5 3. exd5 exd5 4. d4 Nf6 5. Nc3 Bb4 6. Bd3 O-O 7. Ne2 c5 8.
O-O dxc4 9. Bxc4 Nc6 10. Be3 Ng4 11. h3 Nxe3 12. fxe3 Qg5 13. Rf3 cxd4 14.
exd4 Bf5 15. Qf1 Bg6 16. Rd1 Rad8 17. Kh1 Ba5 18. Qf2 Bb6 19. Rg3 Qh4 20.
Nd5 Ne5 21. Nxb6 axb6 22. Bb3 Nc6 23. d5 Na5 24. Rd4 Qe7 25. Re3 Qd6 26. Bd1
b5 27. b3 b6 28. Nc3 Qc5 29. Ne2 Qd6 30. Qf3 Qa3 31. b4 Qxa2 32. bxa5 bxa5
33. Ra3 Qb1 34. Rxa5 Rfe8 35. Ra3 Be4 36. Qb3 Qxb3 37. Rxb3 Rxd5 38. Rxd5
Bxd5 39. Rxb5 Bc4 40. Rb4 Bxe2 41. Bxe2 g6 42. Bf3 Re6 43. Kh2 Kg7 44. Kg3
h5 45. Rb7 Rf6 46. Re7 Kf8 47. Re3 Kg7 48. Re4 Rf5 49. Ra4 Rf6 50. Ra5 Kf8
51. Kh4 Kg7 52. Kg5 Rb6 53. Kh4 Rf6 54. Rc5 Kh6 55. Kg3 Kg7 56. Kf2 Re6 57.
Rc4 Re5 58. Re4 Ra5 59. Ke3 Ra3+ 60. Kf2 Ra2+ 61. Kg3 Ra5 62. Rf4 Rc5 63.
Kh2 Ra5 64. Rd4 Rf5 65. Rd7 Rf6 66. Bd5 Kf8 67. Rc7 Kg7 68. Kg3 Kf8 69. Rc8+
Kg7 70. Rc4 Rf5 71. Rd4 Kf8 72. Be4 Rf6 73. Rd8+ Kg7 74. Rd3 Re6 75. Bd5 Re5
76. Bf3 Rf5 77. Rd5 Rf6 78. Ra5 Kh6 79. Ra8 Kg7 80. Rd8 Kh6 81. Kf2 Kg7 82.
Ke3 Re6+ 83. Kf4 Rf6+ 84. Kg3 Rf5 85. Rd5 Rf6 86. Ra5 Kh6 87. Ra8 Kg7 88.
Rb8 Kh6 89. Rg8 Kh7 90. Re8 Kg7 91. h4 Rf5 92. Re7 Rf6 93. Kf2 Rf4 94. Kg3
Rf6 95. Rb7 Kh6 96. Rb5 Kg7 97. Rg5 Kh6 98. Re5 Kg7 99. Re7 Kf8 100. Rc7 Kg7
{Game drawn by mutual agreement}
1/2-1/2

[Event "ICC tourney 2957 (40 10)"]
[Site "Internet Chess Club"]
[Date "2022.07.09"]
[Round "3"]
[White "POWER, SEAN K:KnightHopper"]
[Black "CARTER, DAVID E:CARTERD253"]
[Result "1-0"]
[ICCResult "Black forfeits on time"]
[WhiteElo "1893"]
[BlackElo "1929"]
[Opening "Scotch: Mieses variation"]
[ECO "C45"]
[NIC "SO.04"]
[Time "15:30:42"]
[PlyCount "71"]
[TimeControl "2400+10"]

1. e4 e5 2. Nf3 Nc6 3. d4 exd4 4. Nxd4 Nf6 5. Nxc6 bxc6 6. e5 Qe7 7. Qe2 Nd5
8. c4 Ba6 9. g3 O-O-O 10. Bg2 Nb6 11. b3 f6 12. Bb2 fxe5 13. O-O d6 14. Bxc6
Bb7 15. Bxb7+ Kxb7 16. Qe4+ c6 17. Rd1 Qc7 18. Nc3 Kb8 19. a4 a5 20. c5 Nd7
21. cxd6 Bxd6 22. Rac1 Bc5 23. Qc4 Qb6 24. Ne4 Bd4 25. Bxd4 exd4 26. Rxd4
Ne5 27. Rxd8+ Rxd8 28. Qc3 Rd5 29. Nc5 g6 30. Kg2 g5 31. Ne6 h6 32. Re1 Nd3
33. Re3 c5 34. Qh8+ Ka7 35. Nd4 Qb7 36. Nb5+ {Black forfeits on time} 1-0

[Event "ICC tourney 2957 (40 10)"]
[Site "Internet Chess Club"]
[Date "2022.07.09"]
[Round "3"]
[White "WEI, JAMES:garynanoman"]
[Black "CHINNI, RISHABH:alphachesplayer"]
[Result "1/2-1/2"]
[ICCResult "Game drawn by mutual agreement"]
[WhiteElo "1845"]
[BlackElo "1657"]
[Opening "Ruy Lopez: closed, 7...O-O"]
[ECO "C88"]
[NIC "RL.17"]
[Time "15:30:09"]
[PlyCount "91"]
[TimeControl "2400+10"]

1. e4 e5 2. Nf3 Nc6 3. Bb5 a6 4. Ba4 Nf6 5. O-O Be7 6. Re1 b5 7. Bb3 O-O 8.
h3 Bb7 9. d3 d6 10. c3 Nb8 11. Nbd2 Nbd7 12. Nf1 Re8 13. Ng5 Rf8 14. Nf3 Re8
15. Be3 c6 16. Ng3 d5 17. Qe2 Qc7 18. Nf5 Bf8 19. Bg5 dxe4 20. dxe4 c5 21.
Bc2 h6 22. Bh4 g6 23. Bxf6 Nxf6 24. Ng3 Bg7 25. a4 Bc6 26. Qe3 Qe7 27. Red1
Red8 28. Rxd8+ Rxd8 29. axb5 axb5 30. Ra6 Be8 31. Nh4 Nd7 32. Nf3 Nb8 33.
Ra8 Bc6 34. Ra1 Bb7 35. Ra5 Bc6 36. Bd3 Qc7 37. Ra1 c4 38. Bc2 Nd7 39. h4 h5
40. Ng5 Bb7 41. b4 Nf6 42. Ra5 Qc6 43. Nf3 Ng4 44. Qe1 Qb6 45. Ra1 Bh6 46.
Nh1 {Game drawn by mutual agreement} 1/2-1/2

[Event "ICC tourney 2957 (40 10)"]
[Site "Internet Chess Club"]
[Date "2022.07.09"]
[Round "4"]
[White "MARKOVIC, GORAN:Goran21"]
[Black "WEI, JAMES:garynanoman"]
[Result "1-0"]
[ICCResult "Black resigns"]
[WhiteElo "1815"]
[BlackElo "1845"]
[Opening "English opening"]
[ECO "A20"]
[NIC "EO.24"]
[Time "17:45:53"]
[PlyCount "57"]
[TimeControl "2400+10"]

1. c4 e5 2. g3 Nc6 3. Bg2 Bc5 4. Nc3 a6 5. e3 Ba7 6. Nge2 d6 7. O-O h5 8. h3
h4 9. g4 f5 10. f3 Be6 11. b3 Qd7 12. Kh1 Nf6 13. d4 fxg4 14. fxg4 Ne7 15.
dxe5 dxe5 16. Bxb7 Rd8 17. Qxd7+ Rxd7 18. Bg2 Rd3 19. Ne4 Bxe3 20. Nxf6+
gxf6 21. Be4 Bxc1 22. Bxd3 Bg5 23. Nc3 O-O 24. Ne4 Bf4 25. Rae1 Bd7 26. Nc5
Bc6+ 27. Be4 f5 28. Bxc6 Nxc6 29. Ne6 {Black resigns} 1-0

[Event "ICC tourney 2957 (40 10)"]
[Site "Internet Chess Club"]
[Date "2022.07.09"]
[Round "4"]
[White "SHEEHAN, ETHAN THOMAS:Chessking2008"]
[Black "WANG, TED:tedwpnw"]
[Result "1-0"]
[ICCResult "Black checkmated"]
[WhiteElo "2255"]
[BlackElo "1824"]
[Opening "King's Indian: orthodox, 7...Nbd7"]
[ECO "E94"]
[NIC "KI.14"]
[Time "17:47:14"]
[PlyCount "79"]
[TimeControl "2400+10"]

1. d4 Nf6 2. c4 g6 3. Nc3 Bg7 4. e4 d6 5. Nf3 O-O 6. Be2 Nbd7 7. O-O e5 8.
Qc2 a5 9. Rd1 Qe7 10. Be3 c6 11. dxe5 dxe5 12. h3 Nc5 13. a3 Nh5 14. b4 Ne6
15. c5 Nef4 16. Bc4 Kh8 17. Na4 f5 18. Nb6 fxe4 19. Nxc8 Raxc8 20. Qxe4 Rce8
21. Rab1 a4 22. b5 Nf6 23. Qxe5 Nxh3+ 24. gxh3 Qxe5 25. Nxe5 Rxe5 26. bxc6
bxc6 27. Rb4 Ne4 28. Rd7 Nxc5 29. Rc7 Ne6 30. Bxe6 Rxe6 31. Rxa4 Be5 32. Rb7
g5 33. Kg2 Rg8 34. Raa7 Rh6 35. a4 Rh4 36. a5 g4 37. hxg4 Rgxg4+ 38. Kf3 Rg8
39. a6 Ra4 40. Rxh7# {Black checkmated} 1-0

[Event "ICC tourney 2957 (40 10)"]
[Site "Internet Chess Club"]
[Date "2022.07.09"]
[Round "4"]
[White "IVANOV, ALEXANDER:marble"]
[Black "Volkov, Sergey:Volkov"]
[Result "1/2-1/2"]
[ICCResult "Game drawn by repetition"]
[WhiteElo "2354"]
[BlackElo "2560"]
[Opening "French: Tarrasch, closed variation"]
[ECO "C05"]
[NIC "FR.16"]
[Time "17:45:36"]
[PlyCount "98"]
[TimeControl "2400+10"]

1. e4 e6 2. d4 d5 3. Nd2 Nf6 4. e5 Nfd7 5. c3 c5 6. f4 Nc6 7. Ndf3 Qb6 8.
Ne2 a5 9. f5 cxd4 10. fxe6 fxe6 11. Nexd4 Ndxe5 12. Nxe5 Nxe5 13. Qh5+ Ng6
14. Bd3 e5 15. Bxg6+ hxg6 16. Qxe5+ Be7 17. Bg5 Qd6 18. Qxg7 Rf8 19. Qxe7+
Qxe7+ 20. Bxe7 Kxe7 21. O-O-O Bd7 22. Rhe1+ Kd6 23. Rd3 Rac8 24. Rg3 Rf6 25.
Kd2 b5 26. a3 b4 27. axb4 axb4 28. Rf3 Rxf3 29. Nxf3 bxc3+ 30. bxc3 Ra8 31.
Ke3 Ra3 32. Rc1 Kc5 33. Ne5 Bf5 34. g4 Be4 35. h4 Kd6 36. Kf4 Ra8 37. Nf7+
Kc5 38. Kg5 Ra6 39. Re1 Kc4 40. Re3 Kb3 41. Ne5 Kc2 42. h5 gxh5 43. gxh5 Kd2
44. Rh3 Re6 45. Ng6 Rc6 46. Nf4 Rc8 47. Ng6 Rc6 48. Nf4 Rc8 49. Ng6 Rc6
{Game drawn by repetition}
1/2-1/2

[Event "ICC tourney 2957 (40 10)"]
[Site "Internet Chess Club"]
[Date "2022.07.09"]
[Round "4"]
[White "Gaw, Chloe:HarleyQueen8"]
[Black "QUIRKE, JEFFREY L:PawnEatingZombi"]
[Result "0-1"]
[ICCResult "White resigns"]
[WhiteElo "1822"]
[BlackElo "2043"]
[Opening "QGD: exchange, positional line, 5...c6"]
[ECO "D35"]
[NIC "QO.16"]
[Time "17:45:14"]
[PlyCount "78"]
[TimeControl "2400+10"]

1. d4 d5 2. c4 e6 3. Nc3 Nf6 4. cxd5 exd5 5. Bg5 c6 6. e3 Be6 7. Bd3 Nbd7 8.
Nge2 h6 9. Bh4 g5 10. Bg3 Nh5 11. Be5 Nxe5 12. dxe5 Ng7 13. Nd4 Qc7 14. f4
gxf4 15. exf4 Qb6 16. Nde2 O-O-O 17. Qc2 Kb8 18. O-O-O Bc8 19. Kb1 f6 20.
exf6 Ne8 21. Bf5 Nxf6 22. Bxc8 Rxc8 23. Qf5 Bg7 24. Nd4 Ne4 25. Nce2 Nf2 26.
Rhf1 Nxd1 27. Rxd1 Rhe8 28. Qc2 Re4 29. Qd2 Rce8 30. h3 c5 31. Nb3 Rxe2 32.
Qxd5 Rxb2+ 33. Kc1 Qf6 34. Nd4 cxd4 35. Kxb2 d3+ 36. Kb3 Qc3+ 37. Ka4 Qc2+
38. Qb3 Re4+ 39. Ka5 Qc5+ {White resigns} 0-1

[Event "ICC tourney 2957 (40 10)"]
[Site "Internet Chess Club"]
[Date "2022.07.09"]
[Round "4"]
[White "Laido, Olivia:beibeiolivia"]
[Black "LIU, ERIC CHANG:el008"]
[Result "0-1"]
[ICCResult "White checkmated"]
[WhiteElo "1648"]
[BlackElo "2037"]
[Opening "Sicilian: Alapin's variation (2.c3)"]
[ECO "B22"]
[NIC "SI.47"]
[Time "17:45:13"]
[PlyCount "80"]
[TimeControl "2400+10"]

1. e4 c5 2. c3 Nf6 3. e5 Nd5 4. d4 cxd4 5. cxd4 d6 6. Nf3 Nc6 7. Bc4 Nb6 8.
Bb5 dxe5 9. Nxe5 Bd7 10. Nxd7 Qxd7 11. Nc3 e6 12. O-O Rd8 13. Be3 a6 14.
Bxc6 Qxc6 15. Qe2 Be7 16. Rac1 O-O 17. Rfd1 Nd5 18. Ne4 Qb6 19. a3 Nxe3 20.
fxe3 e5 21. Qf2 exd4 22. exd4 f5 23. Nc3 Qh6 24. Rc2 Bd6 25. h3 Bb8 26. Re2
Qd6 27. Kf1 Ba7 28. Red2 Rfe8 29. Rd3 Re4 30. Ne2 g6 31. Kg1 Rde8 32. R3d2
h5 33. Qf3 h4 34. Kf1 Qh2 35. Qb3+ Kh8 36. Qxb7 Bb8 37. Qxa6 Bg3 38. Qd3
Qh1+ 39. Ng1 Re1+ 40. Rxe1 Rxe1# {White checkmated} 0-1

[Event "ICC tourney 2957 (40 10)"]
[Site "Internet Chess Club"]
[Date "2022.07.09"]
[Round "4"]
[White "CHINNI, RISHABH:alphachesplayer"]
[Black "Turcotte, Jonathan:JonnyTurgi"]
[Result "0-1"]
[ICCResult "White resigns"]
[WhiteElo "1657"]
[BlackElo "2000"]
[Opening "Sicilian: accelerated fianchetto, Maróczy bind, 6.Be3"]
[ECO "B38"]
[NIC "SI.33"]
[Time "17:45:44"]
[PlyCount "146"]
[TimeControl "2400+10"]

1. e4 c5 2. Nf3 Nc6 3. d4 cxd4 4. Nxd4 g6 5. c4 Bg7 6. Be3 Nf6 7. Nc3 d6 8.
Be2 Nxd4 9. Bxd4 O-O 10. Qd2 Bd7 11. O-O Bc6 12. f3 Nd7 13. Be3 a5 14. b3
Nc5 15. Rac1 Be5 16. Rfd1 e6 17. Bd4 Qb6 18. Bxe5 dxe5 19. Kh1 Rad8 20. Qe3
a4 21. bxa4 Bxa4 22. Nxa4 Nxa4 23. Qxb6 Nxb6 24. Kg1 Na4 25. Kf2 Nc5 26. Rb1
Rxd1 27. Rxd1 Ra8 28. Rd2 f5 29. exf5 gxf5 30. Rb2 Ra6 31. Ke3 Kf7 32. Bd1
Ke7 33. Rb5 b6 34. Bb3 Kd6 35. g3 Kc6 36. h4 h5 37. Kd2 Ra7 38. Ke3 Rg7 39.
Kf2 Rd7 40. Ke2 Rd4 41. Ke3 Rd3+ 42. Ke2 Rc3 43. Kf2 e4 44. f4 Rf3+ 45. Kg2
Rd3 46. Kf2 Rd2+ 47. Kf1 e3 48. a4 Nd3 49. Bd1 Rxd1+ 50. Ke2 Nf2 51. Re5 Rd6
52. Rxe3 Ne4 53. Rb3 Rd2+ 54. Ke1 Ra2 55. Re3 Rxa4 56. Ke2 Rxc4 57. Rd3 Rc2+
58. Ke1 Rg2 59. Rb3 Rxg3 60. Rb4 Rh3 61. Rc4+ Nc5 62. Kf2 Rxh4 63. Kg3 Rg4+
64. Kf3 b5 65. Rc2 h4 66. Rh2 b4 67. Ke3 b3 68. Rb2 Rg3+ 69. Kd4 Kd6 70. Kc4
Na4 71. Rd2+ Kc6 72. Kb4 b2 73. Rd1 Nc3 {White resigns} 0-1

[Event "ICC tourney 2957 (40 10)"]
[Site "Internet Chess Club"]
[Date "2022.07.09"]
[Round "5"]
[White "QUIRKE, JEFFREY L:PawnEatingZombi"]
[Black "MARKOVIC, GORAN:Goran21"]
[Result "0-1"]
[ICCResult "White resigns"]
[WhiteElo "2043"]
[BlackElo "1815"]
[Opening "King's Indian: orthodox, Aronin-Taimanov variation (Yugoslav attack / Mar del Plata variation)"]
[ECO "E97"]
[NIC "KI.08"]
[Time "20:00:18"]
[PlyCount "56"]
[TimeControl "2400+10"]

1. d4 Nf6 2. c4 g6 3. Nc3 Bg7 4. e4 d6 5. Be2 O-O 6. Nf3 e5 7. O-O Nc6 8.
Be3 Re8 9. dxe5 dxe5 10. h3 h6 11. Re1 Be6 12. Qb3 Nd4 13. Bxd4 exd4 14.
Rad1 c5 15. Qxb7 Rb8 16. Qa6 Rxb2 17. e5 Nd7 18. Ne4 Rb6 19. Qxa7 Qa8 20.
Qxa8 Rxa8 21. Rd2 Rba6 22. Rb1 Rxa2 23. Rb5 Rxd2 24. Nfxd2 Ra1+ 25. Kh2
Bxe5+ 26. g3 Ra2 27. Nxc5 Nxc5 28. Rxc5 Bd6 {White resigns} 0-1

[Event "ICC tourney 2957 (40 10)"]
[Site "Internet Chess Club"]
[Date "2022.07.09"]
[Round "5"]
[White "MAMMADOV, ZAUR:zaur94"]
[Black "IVANOV, ALEXANDER:marble"]
[Result "1-0"]
[ICCResult "Black resigns"]
[WhiteElo "2552"]
[BlackElo "2354"]
[Opening "Caro-Kann: two knights variation"]
[ECO "B10"]
[NIC "CK.01"]
[Time "20:00:08"]
[PlyCount "73"]
[TimeControl "2400+10"]

1. e4 c6 2. Nf3 d5 3. Nc3 Nf6 4. e5 Ne4 5. Ne2 Qb6 6. d4 f6 7. Ng3 Bg4 8.
Be2 Nd7 9. O-O Nxg3 10. hxg3 Bxf3 11. Bxf3 fxe5 12. dxe5 Nxe5 13. Bf4 Qxb2
14. Rb1 Nxf3+ 15. Qxf3 Qf6 16. Rxb7 g5 17. Qh5+ Qg6 18. Qxg5 Qxg5 19. Bxg5
Rg8 20. Bh4 e5 21. Rc7 Bd6 22. Rxh7 Rf8 23. Rb1 Rf7 24. Rh8+ Bf8 25. a4 a5
26. g4 Kd7 27. Rb7+ Ke6 28. Rb6 Rc8 29. Bg3 Rcc7 30. g5 Bg7 31. Ra8 Kf5 32.
Rxa5 Ra7 33. Rba6 Rxa6 34. Rxa6 Rb7 35. Rxc6 Rb1+ 36. Kh2 Ra1 37. Rc7
{Black resigns}
1-0

[Event "ICC tourney 2957 (40 10)"]
[Site "Internet Chess Club"]
[Date "2022.07.09"]
[Round "5"]
[White "CARTER, DAVID E:CARTERD253"]
[Black "Laido, Olivia:beibeiolivia"]
[Result "1-0"]
[ICCResult "Black checkmated"]
[WhiteElo "1929"]
[BlackElo "1648"]
[Opening "QGD: exchange, positional line"]
[ECO "D35"]
[NIC "QO.16"]
[Time "20:00:12"]
[PlyCount "115"]
[TimeControl "2400+10"]

1. d4 d5 2. c4 e6 3. Nc3 Nf6 4. cxd5 exd5 5. Bg5 Be7 6. e3 h6 7. Bxf6 Bxf6
8. Nf3 O-O 9. Bd3 b6 10. b4 Bb7 11. O-O Nd7 12. b5 Re8 13. Qb3 Nf8 14. Rac1
Ne6 15. Rfd1 Rc8 16. Bf5 Qd6 17. e4 dxe4 18. Bxe4 Nxd4 19. Rxd4 Bxd4 20.
Bxb7 Rcd8 21. Bc6 Re7 22. Nd5 Re4 23. Qd3 Bxf2+ 24. Kxf2 Ra4 25. Qb3 Ra3 26.
Qc4 Kh8 27. Rc2 Qg6 28. Re2 Qd6 29. Ne5 Rf8 30. Qb4 Qxb4 31. Nxb4 Ra4 32.
Ned3 Kh7 33. Re7 f6 34. Be4+ f5 35. Bc6 Rd8 36. Rxc7 Rd4 37. Ke3 Rc4 38. Rd7
Ra3 39. Rd4 Rcc3 40. h4 Kg6 41. Nd5 Rc2 42. Nf4+ Kf7 43. Bd5+ Ke7 44. Bb3
Rc8 45. Be6 Ra8 46. Rd7+ Kf8 47. Ng6+ Ke8 48. Rxg7 Kd8 49. Rg8+ Kc7 50. Rxa8
Ra5 51. Rc8+ Kb7 52. a4 Rxa4 53. Rc4 Ra5 54. Bc8+ Kb8 55. Ba6 Rxa6 56. bxa6
h5 57. Ne7 b5 58. Rc8# {Black checkmated} 1-0

[Event "ICC tourney 2957 (40 10)"]
[Site "Internet Chess Club"]
[Date "2022.07.09"]
[Round "5"]
[White "WANG, TED:tedwpnw"]
[Black "POWER, SEAN K:KnightHopper"]
[Result "1/2-1/2"]
[ICCResult "Game drawn by repetition"]
[WhiteElo "1824"]
[BlackElo "1893"]
[Opening "Scandinavian defense"]
[ECO "B01"]
[NIC "SD.03"]
[Time "20:00:06"]
[PlyCount "113"]
[TimeControl "2400+10"]

1. e4 d5 2. exd5 Nf6 3. d4 Bg4 4. Bb5+ Nbd7 5. f3 Bf5 6. Nc3 a6 7. Ba4 b5 8.
Bb3 Nb6 9. g4 Bg6 10. f4 h6 11. f5 Bh7 12. Qf3 b4 13. Nce2 Nfxd5 14. Nf4 c6
15. Nge2 Qd7 16. a4 a5 17. Bd2 e6 18. fxe6 fxe6 19. O-O-O Bd6 20. Nxd5 cxd5
21. Rhf1 Nxa4 22. Ng3 Nb6 23. Rde1 Bxg3 24. hxg3 Rc8 25. Kd1 Nc4 26. Bxc4
Rxc4 27. c3 Be4 28. Rxe4 dxe4 29. Qxe4 Rf8 30. Qa8+ Rc8 31. Rxf8+ Kxf8 32.
Qxa5 bxc3 33. bxc3 Qc6 34. Qb4+ Kg8 35. Kc1 Qf3 36. g5 hxg5 37. Qd6 Qf1+ 38.
Kc2 Qf5+ 39. Kb2 Ra8 40. Qb6 Qd5 41. Qb3 Qd6 42. Kc2 Ra5 43. g4 Rd5 44. Qa4
Qd8 45. Qb3 Kh7 46. Qc4 Qd7 47. Qd3+ g6 48. Qc4 e5 49. Be3 e4 50. Qb4 Qxg4
51. Qe7+ Kg8 52. Qe8+ Kg7 53. Qe7+ Kg8 54. Qe8+ Kg7 55. Qe7+ Kg8 56. Qe8+
Kg7 57. Qe7+ {Game drawn by repetition} 1/2-1/2

[Event "ICC tourney 2957 (40 10)"]
[Site "Internet Chess Club"]
[Date "2022.07.09"]
[Round "5"]
[White "LIU, ERIC CHANG:el008"]
[Black "Gaw, Chloe:HarleyQueen8"]
[Result "1-0"]
[ICCResult "Black resigns"]
[WhiteElo "2037"]
[BlackElo "1822"]
[Opening "Sicilian"]
[ECO "B56"]
[NIC "SI.25"]
[Time "20:00:17"]
[PlyCount "77"]
[TimeControl "2400+10"]

1. e4 c5 2. Nf3 d6 3. d4 cxd4 4. Nxd4 Nf6 5. Nc3 Nc6 6. f3 e5 7. Nb3 Be7 8.
Be3 Be6 9. Nd5 O-O 10. c3 a5 11. a4 Bxd5 12. exd5 Nb8 13. Qd2 Nbd7 14. Bb5
Nc5 15. Nxc5 dxc5 16. Rd1 Qd6 17. O-O Nh5 18. Kh1 f5 19. g4 fxg4 20. fxg4
Nf4 21. Bxf4 exf4 22. Rfe1 Rf6 23. Bc4 Kh8 24. Qe2 Bd8 25. Qf3 Bc7 26. Re6
Qf8 27. Bb5 Rd8 28. Rde1 Qg8 29. Rxf6 gxf6 30. Re7 Be5 31. Bc4 b6 32. Qe4
Qg6 33. Bd3 Kg8 34. Qf3 Qg5 35. Rxh7 Bb8 36. Rh5 Qg7 37. Qe4 Be5 38. Rh7
Qxg4 39. Rh8+ {Black resigns} 1-0